 Dungeon Crawl Stone Soup version 0.19-a0-503-g45a6586 (webtiles) character file.

51 tyrsky the Stinger (level 3, -2/14 HPs)
             Began as a Felid Venom Mage on June 5, 2016.
             Killed by divine providence
             ... invoked by an orc priest
              (16 damage)
             ... on level 3 of the Dungeon.
             The game lasted 00:07:11 (2007 turns).

tyrsky the Stinger (Felid Venom Mage)               Turns: 2007, Time: 00:07:12

Health: -2/14      AC:  1    Str:  5    XL:     3   Next: 57%
Magic:  4/7        EV: 18    Int: 16    God:
Gold:   134        SH:  0    Dex: 16    Spells: 3 memorised, 0 levels left
                                        Lives:  0   Deaths: 1

rFire  . . .     SeeInvis +     (weapon unavailable)
rCold  . . .     Gourm    .     (armour unavailable)
rNeg   . . .     Faith    .     (shield unavailable)
rPois  .         Spirit   .     (helmet unavailable)
rElec  .         Dismiss  .     (cloak unavailable)
rCorr  .         Reflect  .     (gloves unavailable)
SustAt .         Harm     .     (boots unavailable)
MR     .....                    (no amulet)
Stlth  +++.......               (no ring)
                                (no ring)

@: quick, not resistant to hostile enchantments, fairly stealthy
A: no armour, no weapons or thrown items, claws 1, fangs 3, see invisible,
carnivore 3, speed 1, shaggy fur 1, slow metabolism 1, sharp paws
a: no special abilities


You were on level 3 of the Dungeon.
You were not hungry.

You visited 1 branch of the dungeon, and saw 3 of its levels.

You collected 134 gold pieces.

Inventory:

Jewellery
 p - an uncursed ring of poison resistance {unknown}
Wands
 m - a wand of enslavement (14/24)
Scrolls
 c - a scroll of amnesia {unknown}
 d - a scroll of recharging {unknown}
 f - 4 scrolls of identify {unknown}
 g - 2 scrolls of remove curse {unknown}
 k - 2 scrolls of teleportation {unknown}
 n - a scroll of fear {unknown}
 o - a scroll of fog {unknown}
Potions
 e - a potion of agility {unknown}
 i - a potion of mutation {unknown}
 j - a potion of lignification {unknown}
 l - a potion of haste {unknown}
Books
 a - a Young Poisoner's Handbook

   Spells                             Type                      Level
   a - Sting                          Conjuration/Poison           1
   b - Cure Poison                    Poison                       2
   c - Mephitic Cloud                 Conjuration/Poison/Air       3
   d - Olgreb's Toxic Radiance        Poison                       4
   e - Venom Bolt                     Conjuration/Poison           5
Comestibles
 b - 3 meat rations
 h - a beef jerky


   Skills:
 - Level 2.6 Dodging
 - Level 2.6 Stealth
 - Level 2.0 Spellcasting
 - Level 2.6 Conjurations
 + Level 2.4 Air Magic
 - Level 3.6 Poison Magic


You couldn't memorise any spells.
You knew the following spells:

 Your Spells              Type           Power        Failure   Level  Hunger
a - Sting                 Conj/Pois      ##..         8%          1    #......
b - Cure Poison           Pois           ##........   10%         2    ###....
c - Mephitic Cloud        Conj/Pois/Air  ##......     21%         3    ###....


Dungeon Overview and Level Annotations

Branches:
Dungeon (3/15)

Altars:
Dithmenos
The Shining One


Innate Abilities, Weirdness & Mutations

You cannot wear armour.
You are incapable of wielding weapons or throwing items.
You have sharp claws.
You have razor-sharp teeth.
You have supernaturally acute eyesight. (SInv)
You are carnivorous and can eat meat at any time.
You cover ground quickly.
You are covered in fur. (AC +1)
You have a slow metabolism.
Your sharp claws are effective at attacking unaware monsters.


Message History

The sting hits the orc.
The orc appears unharmed.
Casting: Sting
Confirm with . or Enter, or press ? or * to list all spells.
Aiming: Sting
Press: ? - help, Shift-Dir - straight line, f/p - orc
Aim: an orc, wielding a mace and wearing a ring mail The sting hits the orc.
The orc is poisoned.
The orc is heavily wounded.
Casting: Sting
Confirm with . or Enter, or press ? or * to list all spells.
Aiming: Sting
Press: ? - help, Shift-Dir - straight line, f/p - orc
Aim: an orc, wielding a mace and wearing a ring mail (heavily wounded, poisoned)
The sting hits the orc.
The orc appears unharmed.
The orc is heavily wounded.
The orc priest shouts!
The orc priest calls down the wrath of Beogh upon you.
Beogh smites you!
Ouch! That really hurt!
You die...

.........#.%#
.........#..# .........#
#####+### #.......#.###.
###########.....ho......
..........+.............
..........#.......##..#o
###...............# o#
#.#####.#.####### #.#
#.#.# #.# #.#.# #.#
#.#.# #.# #(#.#


You could see an orc priest and 2 orcs.

Vanquished Creatures
  Jessica (D:2)
  2 adders (D:2)
  2 worms
  A dart slug (D:2)
  A giant gecko (D:1)
  An orc (D:3)
  3 bats
  3 giant cockroaches (D:1)
  A goblin (D:3)
  11 hobgoblins
  4 jackals (D:2)
  A quokka (D:3)
  6 kobolds
  5 rats
42 creatures vanquished.

Notes
Turn   | Place    | Note
--------------------------------------------------------------
     0 | D:1      | tyrsky the Felid Venom Mage began the quest for the Orb.
     0 | D:1      | Reached XP level 1. HP: 7/7 MP: 4/4
   167 | D:1      | Reached skill level 1 in Conjurations
   295 | D:1      | Reached XP level 2. HP: 11/11 MP: 0/6
   522 | D:1      | Found a glowing golden altar of the Shining One.
   854 | D:2      | Reached XP level 3. HP: 12/14 MP: 4/7
   858 | D:2      | Learned a level 2 spell: Cure Poison
   862 | D:2      | Learned a level 3 spell: Mephitic Cloud
  1003 | D:2      | Found a shadowy altar of Dithmenos.
  1180 | D:2      | Reached skill level 1 in Air Magic
  1365 | D:2      | Noticed Jessica
  1382 | D:2      | Killed Jessica
  1382 | D:2      | Reached XP level 4. HP: 18/18 MP: 4/8
  1716 | D:3      | Slain by an orc priest
  1717 | D:3      | Reached XP level 3. HP: -1/14 MP: 3/7
  2007 | D:3      | Killed from afar by an orc priest

Vault maps used:
D:1:      sevenhm_arrival_forest_fort_large_4, tso_altar
D:2:      nicolae_dithmenos_shadow_blocks, uniq_jessica
D:3:      first_bread

Skill      XL: |  1  2  3 |
---------------+----------+-----
Conjurations   | 1 2 |  2.6
Air Magic      | 2 |  2.4
Dodging        | |  2.6
Stealth        | |  2.6
Spellcasting   | |  2.0
Poison Magic   | |  3.6

Action                   |  1- 3 |  4- 6 || total
-------------------------+-------+-------++-------
Melee: Unarmed           |    10 |     3 ||    13
       Bite              |     1 |     1 ||     2
 Cast: Sting             |    87 |     9 ||    96
       Mephitic Cloud    |     1 |       ||     1
 Stab: Confused          |     1 |       ||     1
  Eat: Chunk             |       |     4 ||     4
Armor: Skin              |     4 |       ||     4
Dodge: Dodged            |    23 |     4 ||    27
